 Dungeon Crawl Stone Soup version 0.23-a0-4-g8f018a2 (webtiles) character file.

1535 robertstho the Cutter (level 8, -4/42 HPs)
             Began as a Vine Stalker Fighter on July 31, 2018.
             Was a Believer of Yredelemnul.
             Slain by a seven-headed hydra (8 damage)
             ... on level 6 of the Dungeon.
             The game lasted 00:23:24 (4485 turns).

robertstho the Cutter (Vine Stalker Fighter)        Turns: 4485, Time: 00:23:27

Health: -4/42      AC:  7    Str: 26    XL:     8   Next: 86%
Magic:  0/9        EV: 16    Int:  8    God:    Yredelemnul [**....]
Gold:   134        SH: 11    Dex: 25    Spells: 7/7 levels left

rFire    . . .     SeeInvis .   a - +0 rapier
rCold    . . .     Gourm    .   c - +0 shield
rNeg     . . .     Faith    .   t - +1 leather armour "Locwig" {+Inv MR- Str+2 Dex+4 Slay+2}
rPois    .         Spirit   +   (no helmet)
rElec    .         Reflect  .   (no cloak)
rCorr    .         Harm     .   k - +0 pair of gloves
MR       .....                  q - +1 pair of boots {run}
Stlth    ++++......             (no amulet)
HPRegen  0.54/turn              (no ring)
MPRegen  0.11/turn              (no ring)

@: mighty, agile, quick
A: fangs 3, regeneration 1, magic shield, antimagic bite, no potion heal 3, rot
immunity
a: Animate Remains, Recall Undead Slaves, Injury Mirror, Renounce Religion,
Evoke Invisibility


You were on level 6 of the Dungeon.
You worshipped Yredelemnul.
Yredelemnul was pleased with you.
You were not hungry.

You visited 2 branches of the dungeon, and saw 7 of its levels.

You collected 248 gold pieces.
You spent 114 gold pieces at shops.

Inventory:

Hand Weapons
 a - a +0 rapier (weapon)
Armour
 b - a +0 scale mail
 c - a +0 shield (worn)
 k - a +0 pair of gloves (worn)
 l - a +1 ring mail of fire resistance
 q - a +1 pair of boots of running (worn)
 t - the +1 leather armour "Locwig" (worn) {+Inv MR- Str+2 Dex+4 Slay+2}
   (You took it off an orc on level 6 of the Dungeon)

   It affects your strength (+2).
   It affects your dexterity (+4).
   It affects your accuracy and damage with ranged weapons and melee attacks
   (+2).
   It affects your resistance to hostile enchantments.
   It lets you turn invisible.
Scrolls
 d - 6 scrolls of remove curse
 g - 2 scrolls of teleportation
 i - 2 scrolls of identify
 j - a scroll of random uselessness {unknown}
 m - a scroll of fog {unknown}
 r - 3 scrolls of magic mapping {unknown}
 u - a scroll of enchant armour {unknown}
Potions
 e - a potion of brilliance {unknown}
 h - a potion of mutation {unknown}
 n - 2 potions of flight {unknown}
 p - a potion of cancellation
Comestibles
 f - 6 rations
 v - 2 chunks of flesh


   Skills:
 + Level 3.9 Fighting
 * Level 7.2 Short Blades
 + Level 4.0 Armour
 + Level 2.1 Dodging
 + Level 2.7 Stealth
 + Level 4.4 Shields
 + Level 0.9 Invocations


You had 7 spell levels left.
You didn't know any spells.
Your spell library contained the following spells:

 Spells                   Type           Power        Failure   Level  Hunger
 Spider Form              Tmut/Pois      #.........   99%         3    ####...
 Blade Hands              Tmut           #.........   100%        5    ######.
 Ice Form                 Ice/Tmut       #.......     100%        4    #####..
 Sticks to Snakes         Tmut           #.......     96%         2    ###....
 Beastly Appendage        Tmut           #.....       88%         1    ##.....


Dungeon Overview and Level Annotations

Branches:
Dungeon (6/15)             Temple (1/1) D:4

Altars:
Cheibriados
Elyvilon
Fedhas
Gozag
Hepliaklqana
Kikubaaqudgha
Makhleb
Okawaru
Ru
Sif Muna
Trog
Uskayaw
Vehumet
Xom
Yredelemnul
Zin

Shops:
D:5 *

Annotations:
D:5 490 crystal plate


Innate Abilities, Weirdness & Mutations

You have razor-sharp teeth.
Your natural rate of healing is unusually fast.
When hurt, damage is shared between your health and your magic reserves.
Your bite disrupts and absorbs the magic of your enemies.
Potions cannot restore your health.
You are immune to rotting.


Message History

The seven-headed hydra is moderately wounded.
The seven-headed hydra bites you but does no damage.
The seven-headed hydra bites you! The seven-headed hydra bites you.
The seven-headed hydra bites you but does no damage.
You block the seven-headed hydra's attack.
The seven-headed hydra bites you!
The seven-headed hydra completely misses you.
You impale the seven-headed hydra!! You bite the seven-headed hydra!!
You drain its power.
You feel invigorated.
The seven-headed hydra is almost dead.
The seven-headed hydra bites you!
* * * LOW HITPOINT WARNING * * *
You block the seven-headed hydra's attack. x2
The seven-headed hydra bites you.
* * * LOW HITPOINT WARNING * * *
The seven-headed hydra misses you. The seven-headed hydra bites you.
* * * LOW HITPOINT WARNING * * *
The seven-headed hydra bites you!
You die...
Your body rises from the dead as a mindless zombie.

#..<.....<#..#
#...........##
##.........###
##
#..........#
.#
##.##########
#.##. #..#
#...###.##
#W##.# ##D@.#
#.##.# ## ###


You could see a seven-headed hydra and a wraith.

Vanquished Creatures
  Sigmund (D:2)
  2 sky beasts (D:6)
  A phantom (D:5)
  3 ogres
  A centaur (D:6)
  Blork the orc (D:5)
  A big kobold (D:4)
  A bullfrog (D:6)
  2 crimson imps (D:6)
  A bullfrog zombie (D:6)
  A hound (D:6)
  2 orc priests (D:5)
  A centaur skeleton (D:5)
  Jessica (D:2)
  2 bullfrog skeletons
  4 orc wizards
  A worker ant zombie (D:5)
  3 gnolls (D:6)
  3 adders
  A shadow imp (D:6)
  An adder skeleton (D:4)
  5 worms
  3 dart slugs
  2 leopard geckos
  21 orcs
  2 ball pythons
  2 giant cockroaches
  2 goblins
  8 hobgoblins
  11 jackals
  A quokka (D:3)
  9 bats
  4 frilled lizards
  A jackal skeleton (D:5)
  8 kobolds
  7 rats
120 creatures vanquished.

Vanquished Creatures (collateral kills)
  A worker ant (D:6)
  2 orcs (D:6)
3 creatures vanquished.

Vanquished Creatures (others)
  A bullfrog zombie (D:6)
  A centaur zombie (D:6)
  A hound zombie (D:6)
  An orc (D:5)
  A jackal zombie (D:6)
  2 orc zombies (D:6)
7 creatures vanquished.

Grand Total: 130 creatures vanquished

Notes
Turn   | Place    | Note
-------+----------+-------------------------------------------
     0 | D:1      | robertstho the Vine Stalker Fighter began the quest for the Orb.
     0 | D:1      | Reached XP level 1. HP: 11/11 MP: 2/2
   197 | D:1      | Reached skill level 2 in Short Blades
   231 | D:1      | Reached XP level 2. HP: 3/16 MP: 3/3
  1021 | D:1      | Reached XP level 3. HP: 19/20 MP: 4/4
  1351 | D:2      | Noticed Jessica
  1362 | D:2      | Killed Jessica
  1362 | D:2      | Gained mutation: Your natural rate of healing is unusually fast. [Vine Stalker growth]
  1362 | D:2      | Reached XP level 4. HP: 24/24 MP: 5/5
  1809 | D:2      | Noticed Sigmund
  1827 | D:2      | Killed Sigmund
  1827 | D:2      | Reached skill level 4 in Short Blades
  1827 | D:2      | Reached skill level 1 in Dodging
  1827 | D:2      | Reached skill level 1 in Stealth
  1827 | D:2      | Reached XP level 5. HP: 18/28 MP: 6/6
  1827 | D:2      | Reached XP level 6. HP: 20/32 MP: 7/7
  2116 | D:3      | Found a shimmering altar of Xom.
  2556 | D:4      | Found a staircase to the Ecumenical Temple.
  2567 | D:4      | Reached XP level 7. HP: 13/36 MP: 8/8
  2586 | Temple   | Entered the Ecumenical Temple
  2606 | Temple   | Became a worshipper of Yredelemnul the Dark
  3121 | D:5      | Entered Level 5 of the Dungeon
  3173 | D:5      | Reached skill level 5 in Short Blades
  3590 | D:5      | Reached * piety under Yredelemnul
  3655 | D:5      | Found a hide-covered altar of Uskayaw.
  3655 | D:5      | Found a snail-covered altar of Cheibriados.
  3749 | D:5      | Found Loifib's Assorted Antiques.
  3754 | D:5      | Bought a scroll of identify for 60 gold pieces
  3754 | D:5      | Bought a coppery potion for 27 gold pieces
  3754 | D:5      | Bought a cyan potion for 27 gold pieces
  3836 | D:5      | Noticed Blork the orc
  3856 | D:5      | Killed Blork the orc
  3993 | D:6      | Gained mutation: You have razor-sharp teeth. [Vine Stalker growth]
  3993 | D:6      | Reached XP level 8. HP: 40/40 MP: 9/9
  4023 | D:6      | Reached skill level 6 in Short Blades
  4072 | D:6      | Got a smoking leather armour
  4083 | D:6      | Identified the +1 leather armour "Locwig" {+Inv MR- Str+2 Dex+4 Slay+2} (You took it off an orc on level 6 of the Dungeon)
  4193 | D:6      | Found a burning altar of Makhleb.
  4222 | D:6      | Reached skill level 7 in Short Blades
  4280 | D:6      | Found a white marble altar of Elyvilon.
  4345 | D:6      | Identified a +1 pair of boots of running (You found it on level 6 of the Dungeon)
  4473 | D:6      | Noticed a wraith
  4475 | D:6      | Reached ** piety under Yredelemnul
  4475 | D:6      | Noticed a seven-headed hydra
  4485 | D:6      | Slain by a seven-headed hydra

Vault maps used:
D:1:      ncdulo_lavacross
D:2:      uniq_sigmund, uniq_jessica
D:3:      lemuel_coloured_pillars_altar
D:4:      cheibrodos_thug_alley, minmay_temple_entry_large_hall, first_ration,
          minmay_misc_feat_hallway
D:5:      gammafunk_temple_overflow_wave, serial_shops, nicolae_shop_crystal,
          grunt_ministairs_9, palyth_stone_intersect, kennysheep_boxes,
          uniq_blork_the_orc
D:6:      minmay_cornered_nines, lemuel_crystal_altar, elyvilon_altar_1
Temple:   minmay_temple_bridge_abc

Skill      XL: |  1  2  3  4  5  6  7  8 |
---------------+-------------------------+-----
Short Blades   | 2 4 5 7 |  7.2
Fighting       | 3 |  3.9
Shields        | 3 4 |  4.4
Armour         | 3 4 |  4.0
Dodging        | 1 2 |  2.1
Stealth        | 1 2 |  2.7
Invocations    | |  0.9

Action                   |  1- 3 |  4- 6 |  7- 9 || total
-------------------------+-------+-------+-------++-------
Melee: Rapier            |    87 |   148 |   248 ||   483
       Bite              |    20 |    48 |    71 ||   139
Invok: Animate Remains   |       |       |     8 ||     8
  Use: Scroll            |     1 |     2 |     5 ||     8
       Potion            |     1 |     2 |     3 ||     6
 Stab: Invisible         |       |       |     5 ||     5
       Distracted        |       |       |     1 ||     1
  Eat: Chunk             |     1 |     5 |     9 ||    15
Armor: Scale mail        |    31 |    56 |    10 ||    97
       Ring mail         |       |       |    72 ||    72
       Leather armour    |       |       |     6 ||     6
Dodge: Dodged            |    18 |    30 |    62 ||   110
Block: Shield            |    36 |    71 |    99 ||   206

Table legend:
 A = Spawn XP
 B = Non-spawn XP
 C = Spawn XP percentage of total XP
 D = Spawn monster count
 E = Non-spawn monster count
 F = Spawn count percentage of total count
 G = Total turns spent on level
                    A         B        C        D         E        F      G
               +---------+---------+-------+---------+---------+-------+---------
         Total |       0 |    2194 |   0.0 |       0 |     124 |   0.0 |  4485
               +---------+---------+-------+---------+---------+-------+---------
           D:1 |       0 |      43 |   0.0 |       0 |      25 |   0.0 |  1203
           D:2 |       0 |     316 |   0.0 |       0 |      15 |   0.0 |   660
           D:3 |       0 |      67 |   0.0 |       0 |      21 |   0.0 |   463
           D:4 |       0 |     239 |   0.0 |       0 |      15 |   0.0 |   754
           D:5 |       0 |     465 |   0.0 |       0 |      19 |   0.0 |   833
           D:6 |       0 |    1064 |   0.0 |       0 |      29 |   0.0 |   531
               +---------+---------+-------+---------+---------+-------+---------
